 Dungeon Crawl Stone Soup version 0.18-a0-116-g2d311b1 (webtiles) character file.

14642 Proton the Cleaver (level 11, -7/89 HPs)
             Began as a Deep Dwarf Fighter on Nov 16, 2015.
             Was a Follower of Ru.
             Mangled by a kobold demonologist
             ... wielding a +0 dagger of electrocution
              (14 damage)
             ... on level 12 of the Dungeon.
             The game lasted 00:31:46 (9138 turns).

Proton the Cleaver (Deep Dwarf Fighter)             Turns: 9138, Time: 00:31:46

Health: -7/89      AC: 25    Str: 26    XL:     11   Next: 91%
Magic:  7/7        EV: 12    Int:  9    God:    Ru [*.....]
Gold:   833        SH:  0    Dex: 12    Spells: 0 memorised, 10 levels left

rFire  + . .     SeeInvis .     g - +3 hand axe (flame)
rCold  . . .     Clarity  +     t - +5 chain mail {rF+}
rNeg   + . .     SustAt   .     (no shield)
rPois  .         Gourm    .     x - +0 helmet
rElec  .         Spirit   .     B - +0 cloak
rCorr  .         Warding  .     Q - +0 pair of gloves
rMut   .         Stasis   .     h - +2 pair of boots
MR     ++...                    (no amulet)
Stlth  ..........               D - ring of Gluttony {+Blink rN+ Str+5}
                                A - ring of protection from magic

@: non-regenerating, very resistant to hostile enchantments, extremely
unstealthy
A: damage resistance, recharge devices, clarity, frail 1, sense surroundings 2,
screaming 1, slow regeneration 3, weak 1, subdued magic 1, hated by all
a: Device Recharging, Renounce Religion, Evoke Blink


You were on level 12 of the Dungeon.
You worshipped Ru.
Ru was aware of your devotion.
You were not hungry.

You visited 2 branches of the dungeon, and saw 13 of its levels.

You collected 833 gold pieces.

Inventory:

Hand Weapons
 g - a +3 hand axe of flaming (weapon)
Missiles
 j - 6 javelins of returning (quivered)
 E - 5 tomahawks of returning
Armour
 h - a +2 pair of boots (worn)
 t - a +5 chain mail of fire resistance (worn)
 x - a +0 helmet (worn)
 B - a +0 cloak (worn)
 Q - a +0 pair of gloves (worn)
Jewellery
 y - an uncursed ring of protection from cold
 A - a ring of protection from magic (left hand)
 D - the ring of Gluttony (right hand) {+Blink rN+ Str+5}
   (You found it on level 6 of the Dungeon)

   [ring of positive energy]

   It affects your strength (+5).
   It protects you from negative energy.
   It lets you blink.
 F - an uncursed ring of see invisible
 I - an uncursed ring of invisibility
Wands
 e - a wand of heal wounds (1)
 C - a wand of lightning (2)
Scrolls
 b - 6 scrolls of remove curse
 i - 2 scrolls of enchant weapon
 m - 3 scrolls of magic mapping
 n - 3 scrolls of enchant armour
 q - 3 scrolls of noise
 r - a scroll of amnesia
 s - 2 scrolls of immolation
 w - 5 scrolls of teleportation
 J - 4 scrolls of identify
 L - 2 scrolls of fog
Potions
 d - a potion of might
 k - 4 potions of curing
 o - 2 potions of haste
 p - 2 potions of ambrosia
 u - 2 potions of brilliance
 v - a potion of resistance
 z - a potion of flight
 G - a potion of heal wounds
Comestibles
 a - 13 fruits
 c - a royal jelly
 l - 3 bread rations
 K - a beef jerky
 M - 3 meat rations
 N - 7 slices of pizza


   Skills:
 + Level 6.7 Fighting
 * Level 14.8 Axes
 + Level 11.0 Armour
 + Level 7.1 Dodging
   Level 3.2 Shields


You had 10 spell levels left.
You didn't know any spells.

Dungeon Overview and Level Annotations

Branches:
Dungeon (12/15)            Temple (1/1) D:7            Lair (0/8) D:10
    Orc (0/4) D:11

Altars:
Ashenzari
Cheibriados
Dithmenos
Elyvilon
Fedhas
Gozag
Kikubaaqudgha
Makhleb
Nemelex Xobeh
Okawaru
Qazlal
Ru
Sif Muna
Trog
Vehumet
Xom
Yredelemnul
Zin
The Shining One


Innate Abilities, Weirdness & Mutations

You are resistant to damage.
You can recharge devices by infusing magical energy.
You passively map the area around you.
You do not regenerate naturally.
You are hated by all.
You possess an exceptional clarity of mind.
You are frail (-10% HP).
You occasionally shout uncontrollably at your foes.
You are weak. (Str -2)
Your spells are a little easier to cast, but a little less powerful.


Message History

The kobold demonologist hits you but does no damage.
You are electrocuted!
* * * LOW HITPOINT WARNING * * *
You barely miss the kobold demonologist.
The kobold demonologist is lightly wounded.
You hit the big kobold. You burn the big kobold.
The big kobold is heavily wounded.
The big kobold hits you but does no damage.
You barely miss the kobold demonologist.
The kobold demonologist is lightly wounded.
You hit the big kobold. You burn the big kobold.
The big kobold is severely wounded.
You hit the kobold demonologist but do no damage.
The kobold demonologist is lightly wounded.
You closely miss the big kobold.
The big kobold is severely wounded.
The red devil hits you but does no damage.
The kobold demonologist hits you but does no damage.
You are electrocuted!
You die...

* * * , , ,
* #.......#
,* * , ,
#[......# *
,,* ,,
........# *
#........
*, , *
.....K# ,
*** * *
,,..4W# ,
,* * #KK#
*,* * * **
#######@##
* ,
#..>.....#
#........#
* * +*
#........+,
, ###+#####
,
#........#
* .........
,
+.......(#
* .........
*
*#(.......#
*....>....
,,,,***
#........#
......... *
#.......<#
*######'#


You could see a kobold demonologist, a hungry ghost, a red devil, a big kobold
and a kobold.

Vanquished Creatures
  A hydra (D:10)
  Erica (D:9)
  A wizard (D:12)
  The ghost of twist the Summoner, a novice TeSu of Ashenzari (D:9)
  3 hill giants
  2 ugly things
  A centaur zombie (D:9)
  2 trolls
  A two-headed ogre (D:11)
  4 large abominations (D:12)
  9 yaks
  A basilisk (D:10)
  A deep elf mage (D:10)
  A wraith (D:10)
  The ghost of Proton the Covered, an amateur DDFi (D:5)
  A hippogriff (D:12)
  A wyvern (D:11)
  A mottled dragon (D:10)
  7 small abominations (D:12)
  4 sky beasts
  6 orc warriors
  5 ogres
  An ice beast (D:5)
  3 phantoms
  4 centaurs
  An eye of draining (D:9)
  4 big kobolds
  A gnoll sergeant (D:6)
  5 giant frogs
  2 wyvern skeletons (D:11)
  2 water moccasin skeletons (D:6)
  8 wights
  15 killer bees
  5 crimson imps
  5 jellies
  2 orc wizards
  4 giant frog skeletons
  A centaur skeleton (D:4)
  5 hounds
  5 orc priests
  5 iguanas
  Terence (D:2)
  8 worker ants
  2 sheep (D:10)
  A killer bee zombie (D:5)
  4 hound zombies
  2 hound skeletons (D:10)
  A worker ant zombie (D:10)
  Robin (D:3)
  10 adders
  4 gnolls (D:6)
  3 shadow imps
  5 worms
  6 giant geckos
  36 orcs
  3 ball pythons
  5 bats
  A giant cockroach (D:2)
  14 goblins
  6 hobgoblins
  11 kobolds
  2 quokkas
  6 giant newts
  11 jackals
  A jackal skeleton (D:4)
  A quokka skeleton (D:5)
  A quokka zombie (D:7)
  6 rats
285 creatures vanquished.

Vanquished Creatures (others)
  A large abomination (D:12)
1 creature vanquished.

Grand Total: 286 creatures vanquished

Notes
Turn   | Place    | Note
--------------------------------------------------------------
     0 | D:1      | Proton the Deep Dwarf Fighter began the quest for the Orb.
     0 | D:1      | Reached XP level 1. HP: 20/20 MP: 1/1
   157 | D:1      | Reached XP level 2. HP: 27/27 MP: 2/2
   733 | D:2      | Reached XP level 3. HP: 23/33 MP: 3/3
   765 | D:2      | Found an opulent altar of Gozag.
   960 | D:2      | Noticed Terence
   977 | D:2      | Killed Terence
   977 | D:2      | Reached skill level 4 in Armour
  1122 | D:2      | Reached XP level 4. HP: 24/40 MP: 4/4
  1147 | D:2      | Found a snail-covered altar of Cheibriados.
  1148 | D:2      | Found an ancient bone altar of Kikubaaqudgha.
  1150 | D:2      | Found a radiant altar of Vehumet.
  1712 | D:3      | Noticed Robin
  1722 | D:3      | Reached XP level 5. HP: 17/46 MP: 5/5
  1724 | D:3      | Reached skill level 5 in Axes
  1748 | D:3      | Killed Robin
  2416 | D:4      | Noticed a phantom
  2440 | D:4      | Killed a phantom
  2440 | D:4      | Reached skill level 6 in Axes
  2440 | D:4      | Reached skill level 5 in Armour
  2440 | D:4      | Reached XP level 6. HP: 27/55 MP: 6/6
  2889 | D:5      | Entered Level 5 of the Dungeon
  2949 | D:5      | Noticed Proton's ghost (amateur DDFi)
  3067 | D:6      | Reached skill level 7 in Axes
  3067 | D:6      | Reached XP level 7. HP: 24/61 MP: 7/7
  3127 | D:6      | Gained mutation: You occasionally shout uncontrollably at your foes. [mutagenic meat]
  3128 | D:6      | Gained mutation: You possess an exceptional clarity of mind. [mutagenic meat]
  3129 | D:6      | Gained mutation: Your spells are a little easier to cast, but a little less powerful. [mutagenic meat]
  3294 | D:6      | Reached skill level 8 in Axes
  3480 | D:6      | Reached XP level 8. HP: 14/68 MP: 8/8
  3496 | D:6      | Reached skill level 9 in Axes
  3942 | D:6      | Got a pitted pewter ring
  3957 | D:6      | Identified the ring of Gluttony {+Blink rN+ Str+5} (You found it on level 6 of the Dungeon)
  4075 | D:5      | Killed Proton's ghost
  4111 | D:5      | Found a sparkling altar of Nemelex Xobeh.
  4112 | D:5      | Found a shimmering altar of Xom.
  4112 | D:5      | Found a basalt altar of Yredelemnul.
  4315 | D:5      | Found a deep blue altar of Sif Muna.
  4354 | D:6      | Reached skill level 10 in Axes
  4609 | D:7      | Gained mutation: You passively map the area around you. [Deep Dwarf growth]
  4609 | D:7      | Reached XP level 9. HP: 29/74 MP: 9/9
  4838 | D:7      | Reached skill level 11 in Axes
  5071 | D:7      | Found a staircase to the Ecumenical Temple.
  5077 | Temple   | Entered the Ecumenical Temple
  5133 | Temple   | Became a worshipper of Ru the Awakened
  5344 | D:8      | Reached skill level 1 in Dodging
  5505 | D:8      | HP: 3/76 [yak (4)]
  5514 | D:8      | Reached skill level 12 in Axes
  5817 | D:9      | Noticed twist's ghost (novice TeSu)
  5954 | D:9      | Noticed a centaur zombie
  6028 | D:9      | Gained mutation: You are hated by all. [Ru sacrifice]
  6028 | D:9      | Reached * piety under Ru
  6031 | D:9      | Noticed Erica
  6047 | D:9      | Reached XP level 10. HP: 25/85 MP: 10/10
  6050 | D:9      | Killed Erica
  6161 | D:9      | HP: 4/86 [twist's ghost (1)]
  6185 | D:9      | Killed twist's ghost
  6589 | D:10     | Entered Level 10 of the Dungeon
  6711 | D:10     | Reached skill level 13 in Axes
  6770 | D:10     | Reached skill level 5 in Fighting
  6798 | D:10     | Reached skill level 10 in Armour
  6806 | D:10     | Noticed a hill giant
  6820 | D:10     | Killed a hill giant
  6820 | D:10     | Reached skill level 5 in Dodging
  6947 | D:10     | Noticed a two-headed hydra
  6953 | D:10     | Killed a one-headed hydra
  6953 | D:10     | Reached XP level 11. HP: 27/96 MP: 11/11
  7187 | D:10     | Found a staircase to the Lair.
  7508 | D:10     | Gained mutation: You are agile. (Dex +2) [mutagenic meat]
  7510 | D:10     | Gained mutation: You are frail (-10% HP). [mutagenic meat]
  7511 | D:10     | Gained mutation: You are weak. (Str -2) [mutagenic meat]
  7940 | D:11     | Reached skill level 14 in Axes
  8016 | D:11     | Lost mutation: You are agile. (Dex +2) [mutagenic meat]
  8037 | D:11     | Found a staircase to the Orcish Mines.
  8685 | D:12     | Noticed a wizard
  8697 | D:12     | Killed a wizard
  8772 | D:12     | HP: 4/88 [large abomination (23)]
  8878 | D:12     | Noticed a hill giant
  8888 | D:12     | Killed a hill giant
  9036 | D:12     | Noticed a hill giant
  9046 | D:12     | Killed a hill giant
  9138 | D:12     | Mangled by a kobold demonologist

Vault maps used:
D:1:      lightli_arrival_boilingwater, kennysheep_nondescript
D:2:      gammafunk_temple_overflow_forgotten,
          nicolae_gozag_cash_rules_everything_around_me, uniq_terence
D:3:      kennysheep_path_1, nrook_uturn, uniq_robin
D:4:      kennysheep_six_static_rooms
D:5:      lemuel_blue_sif_altar, grunt_temple_overflow_open, first_bread
D:7:      minmay_temple_entry_statues, grunt_ministairs_2, serial_bayou_pond_e
D:9:      uniq_erica
D:10:     lair_0_dummy, hangedman_ranch
D:11:     orc_0_dummy, kennysheep_small_square
D:12:     laboratory, uniq_azrael
Temple:   water_room_temple_b_12

Action                   |  1- 3 |  4- 6 |  7- 9 | 10-12 || total
-------------------------+-------+-------+-------+-------++-------
Melee: War axe           |   109 |   222 |   471 |   210 ||  1012
       Hand axe          |       |       |       |   473 ||   473
Throw: Tomahawk          |       |       |    19 |    24 ||    43
       Javelin           |       |       |       |     9 ||     9
Invok: Sacrifice Love    |       |       |     1 |       ||     1
       Reject Sacrifices |       |       |       |     1 ||     1
 Abil: Device Recharging |       |       |       |     4 ||     4
Evoke: Wand              |       |     1 |     9 |    30 ||    40
  Use: Scroll            |     5 |     3 |    12 |     5 ||    25
  Eat: Bread ration      |     1 |     1 |     1 |       ||     3
       Beef jerky        |       |     1 |       |       ||     1
       Chunk             |       |       |     3 |     5 ||     8
       Meat ration       |       |       |     1 |     2 ||     3
       Fruit             |       |       |       |     2 ||     2
